 Dungeon Crawl Stone Soup version 0.29-a0-878-g7b45a56547 (webtiles) character file.

Game seed: 13267483570439844496

35 concernfroge the Trooper (level 3, -4/31 HPs)
             Began as a Mummy Monk on July 19, 2022.
             Slain by Sigmund
             ... wielding a +0 scythe
              (6 damage)
             ... on level 2 of the Dungeon.
             The game lasted 00:04:00 (1246 turns).

concernfroge the Trooper (Mummy Monk)               Turns: 1246, Time: 00:04:00

Health: -4/31      AC:  5    Str: 16    XL:     3   Next: 17%
Magic:  0/3        EV: 11    Int:  9    God:
Gold:   42         SH:  0    Dex: 14    Spells: 2/2 levels left

rFire   x . .      SeeInvis .   b - +0 war axe (elec)
rCold   + . .      Faith    .   (no shield)
rNeg    + + +      Spirit   +   d - +0 ring mail
rPois   ∞          Reflect  .   (no helmet)
rElec   .          Harm     .   (no cloak)
rCorr   .          Rampage  .   (no gloves)
Will    .....                   (no boots)
Stlth   ..........              f - amulet of guardian spirit
HPRegen 0.10/turn               (no ring)
MPRegen 0.08/turn               (no ring)

@: confused, weak-willed
A: cold resistance 1, negative energy resistance 3, torment resistance 2, heat
vulnerability 1, in touch with death 1, no potions
a: no special abilities


You were on level 2 of the Dungeon.
You visited 1 branch of the dungeon, and saw 2 of its levels.

You collected 42 gold pieces.

Inventory:

Hand Weapons
 a - a +0 spear
 b - a +0 war axe of electrocution (weapon)
 c - a +0 long sword
Armour
 d - a +0 ring mail (worn)
Jewellery
 f - an amulet of guardian spirit (around neck)
Scrolls
 g - a scroll of blinking


   Skills:
 + Level 4.3 Fighting
 - Level 2.4 Polearms
 - Level 2.4 Dodging
 - Level 1.5 Stealth


You had 2 spell levels left.
You didn't know any spells.
Your spell library contained the following spells:

 Spells                   Type           Power      Damage    Failure   Level
 Scorch                   Fire           0%         2d5       75%         2
 Ozocubu's Armour         Ice            0%         N/A       93%         3
 Flame Wave               Conj/Fire      0%         2d4       100%        4
 Metabolic Englaciation   Hex/Ice        0%         N/A       100%        5
 Simulacrum               Ice/Necr       0%         N/A       100%        6
 Summon Cactus Giant      Summ           0%         N/A       100%        6


Dungeon Overview and Level Annotations

Branches:
Dungeon (2/15)

Altars:

Annotations:
D:2 Sigmund


Innate Abilities, Weirdness & Mutations

You are immune to poison.
Your flesh is cold resistant. (rC+)
You are immune to negative energy. (rN+++)
You are immune to unholy pain and torment.
You are vulnerable to heat. (rF-)
You are in touch with the powers of death.
You do not drink.


Message History

You bump into the rock wall.
You feel less confused.
Sigmund points at you and mumbles some strange words.
You struggle to resist.
Sigmund completely misses you. Sigmund hits you but does no damage.
You barely miss Sigmund. You completely miss Sigmund.
Sigmund casts a spell.
Sigmund flickers and vanishes!
Deactivating autopickup; reactivate with Ctrl-A.
You hear some strange, mumbled words.
A magic dart appears from out of thin air!
The magic dart hits you but does no damage.
You closely miss something.
You hear some strange, mumbled words.
A magic dart appears from out of thin air!
The magic dart hits you!
Okay, then.
You miss something.
You hear some strange, mumbled words.
A puff of flame appears from out of thin air!
The puff of flame hits you! The fire burns you terribly! Something hits you.
* * * LOW HITPOINT WARNING * * *
You hit something.
You hear some strange, mumbled words.
You are confused.
You closely miss something. Something hits you.
* * * LOW HITPOINT WARNING * * *
You closely miss something. Something hits you.
* * * LOW HITPOINT WARNING * * *
You are too confused!
You are too confused!
You bump into the rock wall.
You hear some strange, mumbled words.
A magic dart appears from out of thin air!
The magic dart hits you.
* * * LOW HITPOINT WARNING * * *
You bump into the rock wall.
Something hits you.
You die...

##.#.##.........
#.#.##...).####
#.#.##.....# ##
#.#.######## ...
#.#.# .... #.#.#
.....#####.#.#
......{....#.#
.......@.....#
.$.########### #


There were no monsters in sight!

Vanquished Creatures
  An adder (D:2)
  A dart slug (D:1)
  A bat (D:1)
  2 endoplasms (D:1)
  2 goblins (D:1)
  4 hobgoblins (D:1)
  7 jackals (D:1)
  A quokka (D:1)
19 creatures vanquished.

Vanquished Creatures (others)
  19 plants (D:1)
19 creatures vanquished.

Grand Total: 38 creatures vanquished

Notes
Turn   | Place    | Note
-------+----------+-------------------------------------------
     0 | D:1      | concernfroge the Mummy Monk began the quest for the Orb.
     0 | D:1      | Reached XP level 1. HP: 18/18 MP: 1/1
   313 | D:1      | Reached XP level 2. HP: 24/24 MP: 2/2
   855 | D:1      | Reached skill level 4 in Fighting
  1090 | D:2      | Gained mutation: You are in touch with the powers of death.
                  | [Mummy growth]
  1090 | D:2      | Reached XP level 3. HP: 23/31 MP: 3/3
  1220 | D:2      | Noticed Sigmund
  1221 | D:2      | Identified a scroll of acquirement
  1224 | D:2      | Acquired a +0 war axe of electrocution
  1246 | D:2      | Slain by Sigmund

Illustrated notes

Levels and vault maps discovered:
D:1:      shiori_arrival_oz, layout_rooms, serial_bayou_lagoon_a,
          nicolae_concentric_dashed_squares_wild
D:2:      layout_loops_ring, nrook_loot_triangle, kennysheep_cross_bottleneck,
          uniq_sigmund

Skill      XL: |  1  2 |
---------------+-------+-----
Fighting       | 4 |  4.3
Polearms       | |  2.4
Dodging        | |  2.4
Stealth        | |  1.5

Action                   || total
-------------------------++-------
Melee: Spear             ||    21
       Long sword        ||    50
       Punch             ||     1
       War axe           ||     7
  Use: Scroll            ||     4
 Stab: Sleeping          ||     2
Armor: Robe              ||     3
       Ring mail         ||    25
Dodge: Dodged            ||    61

Table legend: (Time is in decaauts)
 A = Elapsed time spent in this place.
 B = Non-inter-level travel time spent in this place.
 C = Inter-level travel time spent in this place.
 D = Time resting spent in this place.
 E = Time spent auto-exploring this place.
 F = Levels seen in this place.
 G = Mean time per level.
                   A        B        C        D        E       F      G
               +--------+--------+--------+--------+--------+-----+--------+
         Total |   1275 |   1190 |     85 |    213 |    762 |   2 |  637.5 |
       Dungeon |   1275 |   1190 |     85 |    213 |    762 |   2 |  637.5 |
               +--------+--------+--------+--------+--------+-----+--------+

Top non-repeatable levels by time:
     D:1: 1088 daAuts
     D:2: 186 daAuts
